 Dungeon Crawl Stone Soup version 0.31.0-9-g3a7656b989 (webtiles) character file.

Game seed: 705130677514345743

198 qw the Skirmisher (level 5, 0/29 HPs)
             Began as a Deep Elf Hunter on Feb 2, 2024.
             Slain by a gnoll sergeant
             ... wielding a +0 spear
              (2 damage)
             ... on level 4 of the Dungeon.
             The game lasted 00:00:15 (2437 turns).

qw the Skirmisher (Deep Elf Hunter)                 Turns: 2437, Time: 00:00:15

Health: 0/29       AC:  9    Str: 10    XL:     5   Next: 47%
Magic:  7/7        EV: 12    Int: 14    God:
Gold:   100        SH:  0    Dex: 18    Spells: 4/4 levels left

rFire   . . .        a - +0 shortbow
rCold   + . .        (shield currently unavailable)
rNeg    . . .        j - +2 leather armour {rC+}
rPois   .            h - +2 helmet
rElec   .            (no cloak)
rCorr   .            (no gloves)
SInv    .            l - +0 pair of boots
Will    .....        (no amulet)
Stlth   ++           (no ring)
HPRegen 0.24/turn    (no ring)
MPRegen 0.10/turn

%: no passive effects
@: about to teleport
A: no striking features
a: no special abilities


You were on level 4 of the Dungeon.
You visited 1 branch of the dungeon, and saw 4 of its levels.

You collected 145 gold pieces.
You spent 45 gold pieces at shops.


   Skills:
 - Level 1.5 Fighting
 - Level 9.0 Ranged Weapons
 + Level 2.4 Dodging
 - Level 1.2 Stealth


You had 4 spell levels left.
You didn't know any spells.
Your spell library was empty.

Inventory:

Hand Weapons
 a - a +0 shortbow (weapon)
Armour
 e - a +0 ring mail
 h - a +2 helmet (worn)
 j - a +2 leather armour of cold resistance (worn)
 l - a +0 pair of boots (worn)
Wands
 k - a wand of roots (8)
Scrolls
 d - a scroll of teleportation
Potions
 b - a potion of haste
 f - a potion of mutation
 i - a potion of enlightenment {unknown}
 m - a potion of attraction {unknown}

Dungeon Overview and Level Annotations

Branches:
Dungeon (4/15)
 Temple: D:4-7

Altars:

Shops:
D:3 [


Message History

The hound is heavily wounded.
The hound barely misses you.
You shoot an arrow. The arrow hits the hound!
You kill the hound!
The gnoll sergeant hits you from afar with a +0 spear!
Your Ranged Weapons skill increases to level 9!
You shoot an arrow.
The arrow hits the gnoll sergeant but does no damage.
The gnoll sergeant hits you but does no damage.
You shoot an arrow. The arrow hits the gnoll sergeant.
The gnoll sergeant is lightly wounded.
You shoot an arrow. The arrow hits the gnoll sergeant.
The gnoll sergeant is moderately wounded.
The gnoll sergeant hits you from afar with a +0 spear.
You shoot an arrow. The arrow hits the gnoll sergeant.
The gnoll sergeant is moderately wounded.
The gnoll sergeant hits you from afar with a +0 spear.
You shoot an arrow.
The arrow hits the gnoll sergeant but does no damage.
The gnoll sergeant is moderately wounded.
The gnoll sergeant barely misses you.
You shoot an arrow.
The arrow hits the gnoll sergeant but does no damage.
The gnoll sergeant is moderately wounded.
The gnoll sergeant barely misses you.
You shoot an arrow. The arrow hits the gnoll sergeant!
The gnoll sergeant is heavily wounded.
The gnoll sergeant hits you from afar with a +0 spear.
2435 ||| READING 2 scrolls of teleportation.
As you read the scroll of teleportation, it crumbles to dust.
You feel strangely unstable.
The gnoll sergeant hits you from afar with a +0 spear.
You shoot an arrow.
The arrow hits the gnoll sergeant but does no damage.
The gnoll sergeant is heavily wounded.
The gnoll sergeant closely misses you.
You shoot an arrow. The arrow hits the gnoll sergeant.
The gnoll sergeant is severely wounded.
The gnoll sergeant hits you from afar with a +0 spear.
You die...

#.......# #.......#.#
#.......#.# #.......#.#
# #......<#.# .#
##########.#.#.# ..#
...........#.#.# ...#
.#####...###.#.###....#
.# #...# #...%@.....#
.# ##...#####g######.#
.####.....####'###
..............g..# ##.#
#####.........g..#....#
#............'....#
#............#......
#.##...............$
#.##.########.......


You could see a gnoll sergeant.

Vanquished Creatures
  A hound (D:4)
  Ijyb (D:3)
  An iguana (D:4)
  5 adders
  3 dart slugs
  A ribbon worm (D:2)
  8 bats
  6 endoplasms
  5 giant cockroaches
  2 hobgoblins
  2 jackals (D:4)
  4 quokkas
  4 ball pythons
  A frilled lizard (D:1)
  7 goblins
  7 kobolds
  6 rats
64 creatures vanquished.

Notes
Turn   | Place    | Note
-------+----------+-------------------------------------------
     0 | D:1      | qw the Deep Elf Hunter began the quest for the Orb.
     0 | D:1      | Reached XP level 1. HP: 12/12 MP: 3/3
     0 | D:1      | 0 ||| qw: Version: 0.3-a-155-g5e7d8dd
     0 | D:1      | 0 ||| qw: Game counter: 1331
     0 | D:1      | 0 ||| qw: Melee chars always use a shield: true
     0 | D:1      | 0 ||| qw: God list: Okawaru
     0 | D:1      | 0 ||| qw: Allow faded altars: false
     0 | D:1      | 0 ||| qw: Do Orc after clearing Dungeon:15 true
     0 | D:1      | 0 ||| qw: Do second Lair branch before Depths: true
     0 | D:1      | 0 ||| qw: Lair rune preference: random
     0 | D:1      | 0 ||| qw: Goals: Normal
     0 | D:1      | 0 ||| PLANNING D:1-11
   453 | D:1      | Reached skill level 6 in Ranged Weapons
   453 | D:1      | Reached XP level 2. HP: 15/16 MP: 4/4
   589 | D:1      | 589 ||| UPGRADING to +2 helmet.
   594 | D:1      | 594 ||| READING 3 scrolls labelled YSMOXA MANN.
   597 | D:1      | 597 ||| READING 3 scrolls labelled SEIKOD VOLL.
   597 | D:1      | 597 ||| IDENTIFYING lumpy red potion
   598 | D:1      | 598 ||| READING 2 scrolls of identify.
   598 | D:1      | 598 ||| IDENTIFYING scroll labelled WIMPAH FAOCKEU
   599 | D:1      | 599 ||| DROPPING scroll of butterflies.
   600 | D:1      | 600 ||| DROPPING scroll of fear.
   667 | D:2      | Reached XP level 3. HP: 20/20 MP: 5/5
   735 | D:2      | Reached skill level 7 in Ranged Weapons
  1005 | D:2      | Reached XP level 4. HP: 25/25 MP: 6/6
  1152 | D:2      | 1152 ||| READING scroll of identify.
  1152 | D:2      | 1152 ||| IDENTIFYING coppery potion
  1153 | D:2      | 1153 ||| READING scroll labelled OMUASE QIOPH.
  1154 | D:2      | 1154 ||| DRINKING 2 sapphire potions.
  1156 | D:2      | 1156 ||| Stepping ~*~*~tactically~*~*~ (cloud).
  1163 | D:2      | HP: 6/25 [poisoned by you (poison gas)]
  1286 | D:3      | Noticed Ijyb
  1300 | D:3      | HP: 4/25 [constriction (4)]
  1301 | D:3      | 1301 ||| READING 3 scrolls of teleportation.
  1302 | D:3      | 1302 ||| DRINKING potion of heal wounds.
  1529 | D:3      | Killed Ijyb
  1530 | D:3      | Reached skill level 8 in Ranged Weapons
  1718 | D:3      | Found Taekog's Armour Shoppe.
  1721 | D:3      | 1721 ||| BUYING +0 pair of boots (45 gold).
  1721 | D:3      | Bought a +0 pair of boots for 45 gold pieces
  1721 | D:3      | 1721 ||| SHOPLISTING +1 cloak of stealth (165 gold, have
                  | 89).
  1721 | D:3      | 1721 ||| SHOPLISTING +3 leather armour of Greed {rC+ MP+9}
                  | (499 gold, have 89).
  1968 | D:3      | 1968 ||| UPGRADING to +0 ring mail.
  1978 | D:3      | 1978 ||| DROPPING +0 leather armour.
  1979 | D:3      | 1979 ||| UPGRADING to +2 leather armour of cold resistance.
  1989 | D:3      | 1989 ||| UPGRADING to +0 pair of boots.
  1994 | D:3      | 1994 ||| READING scroll of identify.
  1994 | D:3      | 1994 ||| IDENTIFYING smoky grey potion
  1995 | D:3      | 1995 ||| DROPPING potion of lignification.
  2164 | D:4      | Reached XP level 5. HP: 25/29 MP: 7/7
  2412 | D:4      | 2412 ||| RETREEEEATING.
  2416 | D:4      | 2416 ||| RETREEEEATING.
  2417 | D:4      | 2417 ||| RETREEEEATING.
  2418 | D:4      | 2418 ||| RETREEEEATING.
  2422 | D:4      | 2422 ||| RETREEEEATING.
  2424 | D:4      | 2424 ||| RETREEEEATING.
  2428 | D:4      | Reached skill level 9 in Ranged Weapons
  2434 | D:4      | HP: 5/29 [gnoll sergeant/+0 spear (6)]
  2435 | D:4      | 2435 ||| READING 2 scrolls of teleportation.
  2435 | D:4      | HP: 1/29 [gnoll sergeant/+0 spear (4)]
  2437 | D:4      | Slain by a gnoll sergeant

Levels and vault maps discovered:
D:1:      lemuel_arrival_funnel, layout_basic
D:2:      layout_rooms
D:3:      layout_loops_ring, serial_shops, nicolae_shop_real_fake_doors,
          uniq_ijyb
D:4:      layout_basic, serial_library_hellmonk_angled_corner

Skill      XL: |  1  2  3  4  5 |
---------------+----------------+-----
Ranged Weapons | 6 7 8 9 |  9.0
Fighting       | |  1.5
Dodging        | |  2.4
Stealth        | |  1.2

Action                     |  1- 3 |  4- 6 || total
---------------------------+-------+-------++-------
   Fire: Shortbow          |   116 |   110 ||   226
    Use: Scroll            |     3 |     5 ||     8
         Potion            |       |     2 ||     2
 Armour: Leather armour    |    14 |    27 ||    41
  Dodge: Dodged            |    24 |    32 ||    56

Table legend:
 A = Non-vault XP
 B = Vault XP
 C = Vault XP percentage of total XP
 D = Non-vault monster count
 E = Vault monster count
 F = Vault count percentage of total count
                 A         B        C        D         E       F
            +---------+---------+-------+---------+---------+-------
      Total |     246 |      38 |  13.4 |      63 |       1 |   1.6
            +---------+---------+-------+---------+---------+-------
        D:1 |      24 |       0 |   0.0 |      15 |       0 |   0.0
        D:2 |      89 |       0 |   0.0 |      24 |       0 |   0.0
        D:3 |      31 |      38 |  55.1 |      15 |       1 |   6.2
        D:4 |     102 |       0 |   0.0 |       9 |       0 |   0.0
            +---------+---------+-------+---------+---------+-------
